 Dungeon Crawl Stone Soup version 0.28.0-53-g5a82cb258f (webtiles) character file.

Game seed: 9474778693255781997

235 Zeld the Skirmisher (level 5, -2/48 HPs)
             Began as a Minotaur Berserker on May 22, 2022.
             Was a Believer of Trog.
             Succumbed to Ijyb's poison
             ... on level 4 of the Dungeon.
             The game lasted 00:02:36 (3730 turns).

Zeld the Skirmisher (Minotaur Berserker)            Turns: 3730, Time: 00:02:37

Health: -2/48      AC:  3    Str: 26    XL:     5   Next: 76%
Magic:  4/4        EV: 12    Int:  6    God:    Trog [**....]
Gold:   169        SH:  0    Dex:  9    Spells: 4/4 levels left

rFire   + . .      SeeInvis .   a - +0 hand axe
rCold   + . .      Faith    .   (no shield)
rNeg    . . .      Spirit   .   b - +0 animal skin
rPois   +          Reflect  .   (helmet restricted)
rElec   +          Harm     .   l - +0 cloak
rCorr   +          Rampage  .   (no gloves)
Will    ++...      Rnd*Tele +   (no boots)
Stlth   +.........              (no amulet)
HPRegen 1.16/turn               (no ring)
MPRegen 0.09/turn               (no ring)

@: lethally poisoned (-2 -> -13), resistant, strong-willed, regenerating
A: horns 2, retaliatory headbutt, clever 1, strong 1, teleportitis 1
a: Renounce Religion, Berserk, Trog's Hand


You were on level 4 of the Dungeon.
You worshipped Trog.
Trog was pleased with you.
You visited 1 branch of the dungeon, and saw 4 of its levels.

You collected 169 gold pieces.

Inventory:

Hand Weapons
 a - a +0 hand axe (weapon)
Armour
 b - a +0 animal skin (worn)
 l - a +0 cloak (worn)
Jewellery
 h - a ring of protection from fire
Scrolls
 d - a scroll of teleportation {unknown}
 f - 2 scrolls of magic mapping {unknown}
 g - 2 scrolls of amnesia {unknown}
 i - a scroll of fear {unknown}
 j - a scroll of identify {unknown}
 k - a scroll of blinking {unknown}
 m - a scroll of enchant armour {unknown}
Potions
 e - a potion of mutation


   Skills:
 * Level 5.4 Fighting
 * Level 5.3 Axes
 + Level 3.8 Armour
 + Level 3.3 Dodging


You had 4 spell levels left.
You didn't know any spells.
Your spell library was empty.

Dungeon Overview and Level Annotations

Branches:
Dungeon (4/15)
 Temple: D:4-7

Altars:
Elyvilon

Annotations:
D:3 1 runed translucent door, boopmooplesden's ghost, amateur MiBe
D:4 Ijyb


Innate Abilities, Weirdness & Mutations

You have a pair of horns on your head.
You reflexively headbutt those who attack you in melee.
Your mind is acute. (Int +2)
Your muscles are strong. (Str +2)
You are occasionally teleported next to monsters.


Message History

Ijyb is severely wounded.
You hit the goblin. The goblin hits you with a +0 club.
Ijyb hits you with a +2 dagger of venom.
You are poisoned.
Unknown command.
You closely miss Ijyb.
Ijyb is severely wounded.
You closely miss the goblin.
You feel very sick. The goblin misses you. You furiously retaliate!
You headbutt the goblin.
You kill the goblin!
Trog accepts your kill.
Ijyb hits you with a +2 dagger of venom.
You are lethally poisoned!
You hit Ijyb. Your headbutt misses Ijyb.
Ijyb is severely wounded.
You feel very sick.
Ijyb hits you with a +2 dagger of venom.
You are more poisoned.
Unknown command.
You are too injured to fight recklessly!
You are too injured to fight recklessly!
Your skin crawls.
You feel strong-willed.
* * * LOW HITPOINT WARNING * * *
You feel extremely sick.
Ijyb hits you with a +2 dagger of venom.
* * * LOW HITPOINT WARNING * * *
Unknown command.
Okay, then.
It was a potion of mutation.
You feel extremely strange.
You feel weirdly uncertain.
You feel clever.
You feel stronger.
* * * LOW HITPOINT WARNING * * *
You feel very sick. Ijyb closely misses you.
Unknown command.
Unknown command.
It was a potion of resistance.
You feel protected.
You die...

##........#.#
).........##. #.#
#............ #.#.#
#.##......... #.#.#
#.........#
#.#.###.#......#.#
##.#.#...##....#.#
#....#.####....#
##.#.#.#.# #..@#.#
##.##.#...####.g#)#.?
................##.....
##.##.#...###..#. .....
##.#.#.........g .(...
#...##.###.. .S ..#..
##.###.# ### #. .. .
#.# #.# .. .## #.# #..


You could see Ijyb.

Vanquished Creatures
  A jelly (D:4)
  A gnoll shaman (D:4)
  An orc priest (D:4)
  5 gnolls
  An adder (D:2)
  An ufetubus (D:4)
  An adder skeleton (D:4)
  2 dart slugs
  6 endoplasms
  13 giant cockroaches
  4 goblins
  3 hobgoblins
  3 jackals (D:1)
  5 quokkas
  10 ball pythons
  6 bats
  3 frilled lizards (D:1)
  4 kobolds
  11 rats
81 creatures vanquished.

Notes
Turn   | Place    | Note
-------+----------+-------------------------------------------
     0 | D:1      | Zeld the Minotaur Berserker began the quest for the Orb.
     0 | D:1      | Reached XP level 1. HP: 19/19 MP: 0/0
   222 | D:1      | Reached XP level 2. HP: 20/27 MP: 1/1
   312 | D:1      | Found a faded altar of an unknown god.
   745 | D:1      | Reached ** piety under Trog
   751 | D:1      | Reached XP level 3. HP: 33/33 MP: 2/2
  1363 | D:2      | Reached XP level 4. HP: 30/41 MP: 3/3
  2172 | D:3      | Found a white marble altar of Elyvilon.
  2274 | D:3      | Found a runed translucent door.
  2278 | D:3      | Noticed a sky beast
  2278 | D:3      | Noticed boopmooplesden's ghost (amateur MiBe)
  2606 | D:4      | Reached skill level 5 in Fighting
  2606 | D:4      | Reached XP level 5. HP: 37/48 MP: 4/4
  2875 | D:4      | Reached skill level 5 in Axes
  3715 | D:4      | Noticed Ijyb
  3729 | D:4      | Gained mutation: You are occasionally teleported next to
                  | monsters. [potion of mutation]
  3729 | D:4      | Gained mutation: Your mind is acute. (Int +2) [potion of
                  | mutation]
  3729 | D:4      | Gained mutation: Your muscles are strong. (Str +2) [potion
                  | of mutation]
  3729 | D:4      | HP: 2/48 [poisoned by Ijyb]
  3730 | D:4      | Succumbed to Ijyb's poison

Illustrated notes

Levels and vault maps discovered:
D:1:      onia_arrival_handbag, layout_rooms, ebering_ecumenical_altar_abandoned
D:2:      minmay_roachtagon, layout_basic, kennysheep_generic_room_15
D:3:      layout_loops_ring, mainiacjoe_overflow_small_starburst,
          ebering_ghost_inner_flame
D:4:      minmay_angry_zag, layout_loops_ring, minmay_misc_feat_secret_circle,
          minmay_crystal_room, uniq_sigmund, uniq_ijyb

Skill      XL: |  1  2  3  4  5 |
---------------+----------------+-----
Fighting       | 4 5 |  5.4
Axes           | 4 5 |  5.3
Armour         | 3 |  3.8
Dodging        | 3 |  3.3

Action                   |  1- 3 |  4- 6 || total
-------------------------+-------+-------++-------
Melee: Hand axe          |   102 |    68 ||   170
       Headbutt          |    14 |     9 ||    23
       Punch             |     2 |       ||     2
Invok: Berserk           |       |     1 ||     1
       Trog's Hand       |       |     1 ||     1
  Use: Potion            |       |     2 ||     2
Armor: Animal skin       |    20 |    15 ||    35
Dodge: Dodged            |    55 |    66 ||   121
